 Dungeon Crawl Stone Soup version 0.28-a0-793-g31680bbd8b (webtiles) character file.

Game seed: 11187077277021027537

0 kae the Caller (level 1, -2/9 HPs)
             Began as a Vine Stalker Summoner on Nov 3, 2021.
             Slain by a hobgoblin (4 damage)
             ... on level 1 of the Dungeon.
             The game lasted 00:00:08 (38 turns).

kae the Caller (Vine Stalker Summoner)                Turns: 38, Time: 00:00:09

Health: -2/9       AC:  2    Str: 10    XL:     1   Next: 10%
Magic:  0/4        EV: 12    Int: 15    God:
Gold:   0          SH:  0    Dex: 14    Spells: 3/4 levels left

rFire   . . .      SeeInvis .   (no weapon)
rCold   . . .      Faith    .   (no shield)
rNeg    . . .      Spirit   +   a - +0 robe
rPois   .          Reflect  .   (no helmet)
rElec   .          Harm     .   (no cloak)
rCorr   .          Rampage  .   (no gloves)
Will    .....                   (no boots)
Stlth   ++........              (no amulet)
HPRegen 0.03/turn               (no ring)
MPRegen 0.09/turn               (no ring)

@: no status effects
A: fangs 2, magic shield, antimagic bite, no potion heal 2
a: no special abilities


You were on level 1 of the Dungeon.
You visited 1 branch of the dungeon, and saw 1 of its levels.

Inventory:

Armour
 a - a +0 robe (worn)


   Skills:
 + Level 0.0 Fighting
 - Level 1.5 Dodging
 - Level 2.4 Stealth
 + Level 2.2 Spellcasting
 * Level 4.0 Summonings


You had 3 spell levels left.
You knew the following spells:

 Your Spells              Type           Power      Damage    Failure   Level
a - Summon Small Mammal   Summ           52%        N/A       4%          1

Your spell library contained the following spells:

 Spells                   Type           Power      Damage    Failure   Level
 Call Imp                 Summ           13%        N/A       6%          2
 Call Canine Familiar     Summ           13%        N/A       13%         3
 Summon Guardian Golem    Hex/Summ       7%         N/A       28%         3
 Summon Lightning Spire   Summ/Air       7%         N/A       67%         4


Dungeon Overview and Level Annotations

Branches:
Dungeon (1/15)

Altars:


Innate Abilities, Weirdness & Mutations

You have extremely sharp teeth.
When hurt, damage is shared between your health and your magic reserves.
Your bite disrupts and absorbs the magic of your enemies.
Potions cannot restore your health.


Message History

The rat closely misses you.
You hit the rat.
You kill the rat!
No target in view!
Found a club.
No target in view!
No target in view!
Found 3 gold pieces and a hunting sling.
A hobgoblin comes into view.
The hobgoblin shouts!
A quokka comes into view.
You see here a scroll labelled QOUJUQ SIGRARR.
Casting: Summon Small Mammal (safe; 4% risk of failure)
Confirm with . or Enter, or press ? or * to list all spells.
Your bat hits the quokka but does no damage.
You closely miss the quokka. Your bat misses the quokka. The quokka bites you.
Your rat bites the quokka but does no damage.
You are too injured to fight recklessly!
You are too injured to fight recklessly!
You are too injured to fight recklessly!
You are too injured to fight recklessly!
You are too injured to fight recklessly!
You are too injured to fight recklessly!
You are too injured to fight recklessly!
You barely miss the quokka. Your bat misses the quokka. The quokka misses you.
Your rat misses the quokka. The hobgoblin barely misses you.
You hit the quokka but do no damage. You bite the quokka, but do no damage.
Your bat closely misses the quokka.
The quokka completely misses you.
Your bat hits the quokka but does no damage.
The quokka bites you.
Your rat barely misses the quokka.
The hobgoblin barely misses you.
You barely miss the quokka. Your bat misses the quokka. The quokka bites you.
* * * LOW HITPOINT WARNING * * *
Your rat closely misses the quokka.
The hobgoblin closely misses you.
You hit the quokka. Your bite misses the quokka.
The quokka is lightly wounded.
Your bat misses the quokka.
Your bat closely misses the hobgoblin.
The quokka misses you.
Your rat barely misses the quokka.
The hobgoblin hits you.
You die...

########## #........
#....... #..##.##
###############.b#...#..
#...............rg._....
#.#############r@#...#.
#.# #..$.# ## ..#
#.#...) #.# ...#...#.
#.# #.# ###.. .# #.# #.
)## # #.# # .# #.# .#
#.#


You could see a quokka (ally target), a hobgoblin, a friendly bat (summoned) and
a friendly rat (summoned).

Vanquished Creatures
  A rat (D:1)
1 creature vanquished.

Notes
Turn   | Place    | Note
-------+----------+-------------------------------------------
     0 | D:1      | kae the Vine Stalker Summoner began the quest for the Orb.
     0 | D:1      | Reached XP level 1. HP: 9/9 MP: 4/4
    24 | D:1      | Found a faded altar of an unknown god.
    38 | D:1      | Slain by a hobgoblin

Illustrated notes

Levels and vault maps discovered:
D:1:      saegor_arrival_simple_b, layout_loops_ring,
          ebering_ecumenical_altar_box, minmay_misc_feat_square,
          minmay_shallow_snake_nest

Action                   || total
-------------------------++-------
Melee: Unarmed           ||     8
       Bite              ||     2
 Cast: Summon Small Mamm ||     2
Dodge: Dodged            ||     7

Table legend: (Time is in decaauts)
 A = Elapsed time spent in this place.
 B = Non-inter-level travel time spent in this place.
 C = Inter-level travel time spent in this place.
 D = Time resting spent in this place.
 E = Time spent auto-exploring this place.
 F = Levels seen in this place.
 G = Mean time per level.
                   A        B        C        D        E       F      G
               +--------+--------+--------+--------+--------+-----+--------+
         Total |     38 |     38 |      0 |      0 |     19 |   1 |   38.0 |
       Dungeon |     38 |     38 |      0 |      0 |     19 |   1 |   38.0 |
               +--------+--------+--------+--------+--------+-----+--------+

Top non-repeatable levels by time:
     D:1: 38 daAuts
